 Dungeon Crawl Stone Soup version 0.26.1-10-gdfb7c7de75 (webtiles) character file.

Game seed: 8643526319671525529

277 H0rd4k the Charlatan (level 6, -3/46 HPs)
             Began as a Human Artificer on Apr 1, 2021.
             Slain by a centaur skeleton (4 damage)
             ... on level 5 of the Dungeon.
             The game lasted 00:05:31 (6401 turns).

H0rd4k the Charlatan (Human Artificer)              Turns: 6401, Time: 00:05:32

Health: -3/46      AC:  3    Str: 14    XL:     6   Next: 51%
Magic:  15/15      EV: 12    Int: 12    God:
Gold:   275        SH:  0    Dex: 13    Spells: 5/5 levels left

rFire    . . .     SeeInvis .   f - +0 dagger (curse)
rCold    . . .     Faith    .   (no shield)
rNeg     . . .     Spirit   .   b - +0 leather armour
rPois    .         Reflect  .   (no helmet)
rElec    .         Harm     .   (no cloak)
rCorr    .         Rampage  .   (no gloves)
Will     .....                  (no boots)
Stlth    ++........             (no amulet)
HPRegen  0.15/turn              o - ring of magical power
MPRegen  0.14/turn              (no ring)

@: no status effects
A: no striking features
a: no special abilities


You were on level 5 of the Dungeon.
You visited 1 branch of the dungeon, and saw 5 of its levels.

You collected 275 gold pieces.

Inventory:

Hand Weapons
 f - a cursed +0 dagger (weapon)
Armour
 b - a +0 leather armour (worn)
Jewellery
 o - a ring of magical power (left hand)
 u - an uncursed ring of protection from cold {unknown}
Wands
 d - a wand of enslavement (7)
Scrolls
 a - 2 scrolls of enchant armour {unknown}
 h - 2 scrolls of teleportation {unknown}
 i - a scroll of fog {unknown}
 k - a scroll of blinking {unknown}
 l - 4 scrolls of identify
 m - 2 scrolls of noise {unknown}
 r - a scroll of fear {unknown}
 s - 3 scrolls of remove curse {unknown}
 t - a scroll of immolation {unknown}
Potions
 g - a potion of curing
 j - 2 potions of haste {unknown}
 n - a potion of ambrosia {unknown}
 p - a potion of might {unknown}
 q - a potion of degeneration {unknown}


   Skills:
 + Level 2.4 Fighting
 + Level 3.0 Short Blades
 + Level 3.1 Armour
 + Level 2.1 Dodging
 + Level 2.0 Stealth
 + Level 3.9 Evocations


You had 5 spell levels left.
You didn't know any spells.
Your spell library was empty.

Dungeon Overview and Level Annotations

Branches:
Dungeon (5/15)
 Temple: D:4-7

Altars:
Nemelex Xobeh
Qazlal
Wu Jian

Annotations:
D:3 exclusion: phantom
D:4 exclusion: downstairs


Message History

Your ogre completely misses the necrophage.
You hit the centaur skeleton.
The centaur skeleton is lightly damaged.
The centaur skeleton completely misses you.
You hit the centaur skeleton.
The centaur skeleton is lightly damaged.
The centaur skeleton hits you.
* * * LOW HITPOINT WARNING * * *
The centaur skeleton hits you.
* * * LOW HITPOINT WARNING * * *
The necrophage hits you.
* * * LOW HITPOINT WARNING * * *
You feel drained.
Your ogre hits the necrophage with a +0 giant club!
The necrophage is destroyed!
Your life force feels restored.
Your Short Blades skill increases to level 3!
Your Stealth skill increases to level 2!
The centaur skeleton hits you.
You die...

.#...#.............
...................
.....#......#.####+## #
$....#............... ..
.....#..................
.....#)......O.........
#..............?
#.......O#+##.##
...........Z@...#
...###..........# ..#
#..........# .
###........# #........#
#........# #.$......#
#........#


You could see a centaur skeleton and a friendly ogre (charmed).

Vanquished Creatures
  A hound (D:4)
  A centaur skeleton (D:4)
  2 gnolls (D:2)
  4 adders
  3 worms
  4 dart slugs
  A leopard gecko (D:2)
  7 orcs
  5 bats
  4 giant cockroaches
  4 goblins
  10 hobgoblins
  7 jackals
  2 quokkas (D:3)
  3 frilled lizards
  6 kobolds
  9 rats
73 creatures vanquished.

Vanquished Creatures (collateral kills)
  A necrophage (D:5)
  A leopard gecko (D:5)
2 creatures vanquished.

Vanquished Creatures (others)
  An orc wizard (D:4)
  2 gnolls (D:2)
3 creatures vanquished.

Grand Total: 78 creatures vanquished

Notes
Turn   | Place    | Note
-------+----------+-------------------------------------------
     0 | D:1      | H0rd4k the Human Artificer began the quest for the Orb.
     0 | D:1      | Reached XP level 1. HP: 15/15 MP: 1/1
   348 | D:1      | Reached XP level 2. HP: 6/21 MP: 2/2
  1523 | D:1      | Reached XP level 3. HP: 20/26 MP: 3/3
  2144 | D:2      | Reached XP level 4. HP: 7/32 MP: 4/4
  2459 | D:2      | Reached skill level 1 in Short Blades
  2496 | D:2      | Found a sparkling altar of Nemelex Xobeh.
  4173 | D:3      | Reached XP level 5. HP: 35/38 MP: 5/5
  4315 | D:3      | Found a stormy altar of Qazlal.
  4980 | D:3      | Found an ornate altar of the Wu Jian Council.
  5414 | D:4      | Reached XP level 6. HP: 16/44 MP: 6/6
  5759 | D:4      | Noticed a phantom
  6184 | D:5      | Entered Level 5 of the Dungeon
  6184 | D:5      | Noticed a sky beast
  6339 | D:5      | Noticed a necrophage
  6384 | D:5      | Noticed an ogre
  6398 | D:5      | HP: 1/44 [necrophage (5)]
  6399 | D:5      | Killed a necrophage
  6401 | D:5      | Slain by a centaur skeleton

Illustrated notes

Levels and vault maps discovered:
D:1:      minmay_arrival_hallway, layout_basic, minivault_5
D:2:      layout_basic, nicolae_overflow_hidden_temple, chequers_garden
D:3:      layout_rooms, lemuel_coloured_pillars_altar, lemuel_crystal_altar,
          kennysheep_doodads, st_stairs_12, minmay_hedge_maze,
          minmay_misc_feat_more_columns, grunt_decor_resistance
D:4:      layout_loops_ring, minmay_misc_feat_iff
D:5:      layout_basic, overflow_temple_1_default, serial_shops,
          nicolae_shop_stone, kennysheep_generic_room_7

Skill      XL: |  1  2  3  4  5  6 |
---------------+-------------------+-----
Short Blades   | 1 2 3 |  3.0
Fighting       | 2 |  2.4
Armour         | 3 |  3.1
Dodging        | 2 |  2.1
Stealth        | 2 |  2.0
Evocations     | |  3.9

Action                   |  1- 3 |  4- 6 || total
-------------------------+-------+-------++-------
Melee: Dagger            |   128 |   299 ||   427
       Club              |     2 |       ||     2
Evoke: Wand              |     8 |    30 ||    38
  Use: Scroll            |     1 |       ||     1
 Stab: Sleeping          |       |     2 ||     2
Armor: Leather armour    |    32 |    55 ||    87
Dodge: Dodged            |    64 |   187 ||   251
